cohdb
Replays
Latest Replays
All Replays
Popular Replays
Top Player Replays
Match Explorer
How It Works
Community
CoH3 Stats
Reddit
Sign in to upload your games and track your stats! →
Sign in with Steam
Match 42544020
Unlisted
Match 42544020
Overview
Messages
Build Orders
End
Selects Italian Combined Arms Battlegroup
Selects Bersaglieri Squad
Bersaglieri Squad
Kradschützen Motorcycle Team
Bersaglieri Squad
Kradschützen Motorcycle Team
Panzerpioneer Squad
Construct Light Support Kompanie
Fire Support Elements
Flakvierling Half-track
Panzerpioneer Squad
Pak 38 Mechanized Group
Construct Panzerarmee Kommand
Selects Bersaglieri Bolster
Selects Breda Model 30 Light Machine Guns
Emergency Repair Kits
Kasim-GJW
Enigm@
MonoChrome
jm707090525
0
0
Comments
sign in to comment!
No comments posted yet!